EL
RICHMOND FLYING SQUIRRELS @ HARTFORD YARD GOATS
05/25/2099
 
TOP OF THE 1ST
Richmond Flying Squirrels batting - Pitching for Hartford Yard Goats : RHP Edgar Colorado
Pitching: RHP Edgar Colorado
Batting: LHB Bill Curtis 0-0: Called Strike
0-1: Ground out 4-3 (Groundball, 4S, EV 78.8 MPH)
Batting: RHB Nawaf Shafeeq 0-0: Called Strike
0-1: Ball
1-1: Swinging Strike
1-2: Ball
2-2: Strikes out swinging
Batting: RHB Craig Knopp 0-0: Foul Ball, location: 9LDF
0-1: Ball
1-1: Ground out 3-1 (Groundball, 34S, EV 88.1 MPH)
Top of the 1st over - 0 runs, 0 hits, 0 errors, 0 left on base; Richmond 0 - Hartford 0
BOTTOM OF THE 1ST
Hartford Yard Goats batting - Pitching for Richmond Flying Squirrels : RHP Franklin Diaz
Pitching: RHP Franklin Diaz
Batting: LHB Jim Kuttler 0-0: Swinging Strike
0-1: Called Strike
0-2: Strikes out looking
Batting: LHB Steve Warriner 0-0: Ball
1-0: DOUBLE (Flyball, 78D, EV 96.9 MPH)
Batting: LHB Jake Everett 0-0: Called Strike
0-1: Ball
1-1: Ball
2-1: Ball
3-1: Foul Ball, location: 5DF
3-2: Foul Ball, location: 3F
3-2: 2-RUN HOME RUN (Flyball, 8LXD, EV 105.0 MPH), Distance : 422 ft
Batting: LHB Ivan Alcantar 0-0: Called Strike
0-1: Ball
1-1: Ball
2-1: Ball
3-1: Base on Balls
Batting: RHB Brenden Oxton 0-0: Called Strike
0-1: Foul Ball, location: 9LSFF
0-2: Ball
1-2: Ball
2-2: Ball
3-2: Fly out, F7 (Flyball, 78M, EV 92.5 MPH)
Batting: RHB Mark Bevan 0-0: Called Strike
0-1: SINGLE (Line Drive, 34D, EV 102.5 MPH)
Ivan Alcantar to second
Batting: RHB Arturo Valencia 0-0: Ball
1-0: Fly out, F9 (Flyball, 9, EV 80.0 MPH)
Bottom of the 1st over - 2 runs, 3 hits, 0 errors, 2 left on base; Richmond 0 - Hartford 2
TOP OF THE 2ND
Richmond Flying Squirrels batting - Pitching for Hartford Yard Goats : RHP Edgar Colorado
Batting: LHB Josh Layne 0-0: Foul Ball, location: 3DF
0-1: Fly out, F7 (Flyball, 7D, EV 88.1 MPH)
Batting: LHB Eric Binder 0-0: SINGLE (Groundball, 4D, EV 101.9 MPH)
Batting: RHB Carlos Rodriguez 0-0: Ball
1-0: Called Strike
1-1: Foul Ball, location: 23F
1-2: 2-RUN HOME RUN (Flyball, 89XD, EV 109.4 MPH), Distance : 430 ft
Batting: RHB Luis Henad 0-0: Swinging Strike
0-1: Ball
1-1: Ball
2-1: Foul Ball, location: 2F
2-2: Strikes out swinging
Batting: RHB Kevin Berry 0-0: Ball
1-0: Ball
2-0: Foul Ball, location: 9LMF
2-1: Called Strike
2-2: Fly out, F9 (Flyball, 9D, EV 110.6 MPH)
Top of the 2nd over - 2 runs, 2 hits, 0 errors, 0 left on base; Richmond 2 - Hartford 2
BOTTOM OF THE 2ND
Hartford Yard Goats batting - Pitching for Richmond Flying Squirrels : RHP Franklin Diaz
Batting: SHB Jason Robbins 0-0: Called Strike
0-1: Fly out, F8 (Flyball, 8RS, EV 88.1 MPH)
Batting: RHB Lamberto Maresca 0-0: Foul Ball, location: 2F
0-1: Called Strike
0-2: Ball
1-2: Strikes out looking
Batting: LHB Jim Kuttler 0-0: Ball
1-0: Foul Ball, location: 5F
1-1: Ground out 4-3 (Groundball, 34, EV 105.0 MPH)
Bottom of the 2nd over - 0 runs, 0 hits, 0 errors, 0 left on base; Richmond 2 - Hartford 2
TOP OF THE 3RD
Richmond Flying Squirrels batting - Pitching for Hartford Yard Goats : RHP Edgar Colorado
Batting: SHB Paul DiPietro 0-0: Called Strike
0-1: Ball
1-1: Fly out, F8 (Flyball, 8RM, EV 84.4 MPH)
Batting: LHB Bill Curtis 0-0: Called Strike
0-1: Ball
1-1: Foul Ball, location: 23F
1-2: Ground out 4-3 (Groundball, 4, EV 106.3 MPH)
Batting: RHB Nawaf Shafeeq 0-0: Ball
1-0: Called Strike
1-1: Foul Ball, location: 7LSF
1-2: Foul Ball, location: 9LMF
1-2: Ball
2-2: SINGLE (Groundball, 6MD, EV 105.0 MPH)
Batting: RHB Craig Knopp 0-0: Called Strike
0-1: Swinging Strike
0-2: Strikes out looking
Top of the 3rd over - 0 runs, 1 hit, 0 errors, 1 left on base; Richmond 2 - Hartford 2
BOTTOM OF THE 3RD
Hartford Yard Goats batting - Pitching for Richmond Flying Squirrels : RHP Franklin Diaz
Batting: LHB Steve Warriner 0-0: Ball
1-0: Ball
2-0: SINGLE (Line Drive, 7LS, EV 111.3 MPH)
Batting: LHB Jake Everett 0-0: Ball
1-0: Foul Ball, location: 2F
1-1: Called Strike
1-2: Ball
2-2: Ball
3-2: Grounds into double play, 6-4-3 (Groundball, 6, EV 104.4 MPH)
Batting: LHB Ivan Alcantar 0-0: Ball
1-0: SINGLE (Line Drive, 89S, EV 96.9 MPH)
Batting: RHB Brenden Oxton 0-0: Called Strike
0-1: Ground out 2-3 (Groundball, 2L, EV 68.1 MPH)
Bottom of the 3rd over - 0 runs, 2 hits, 0 errors, 1 left on base; Richmond 2 - Hartford 2
TOP OF THE 4TH
Richmond Flying Squirrels batting - Pitching for Hartford Yard Goats : RHP Edgar Colorado
Batting: LHB Josh Layne 0-0: Called Strike
0-1: Fly out, F8 (Flyball, 8LXD, EV 93.8 MPH)
Batting: LHB Eric Binder 0-0: Fly out, F7 (Flyball, 78M, EV 86.9 MPH)
Batting: RHB Carlos Rodriguez 0-0: Ball
1-0: Fly out, F6 (Popup, 6M, EV 61.9 MPH)
Top of the 4th over - 0 runs, 0 hits, 0 errors, 0 left on base; Richmond 2 - Hartford 2
BOTTOM OF THE 4TH
Hartford Yard Goats batting - Pitching for Richmond Flying Squirrels : RHP Franklin Diaz
Batting: RHB Mark Bevan 0-0: Called Strike
0-1: Foul Ball, location: 2F
0-2: Ball
1-2: Ball
2-2: Strikes out swinging
Batting: RHB Arturo Valencia 0-0: Ball
1-0: Ground out U3 (Groundball, 23, EV 82.5 MPH)
Batting: SHB Jason Robbins 0-0: Called Strike
0-1: Called Strike
0-2: Foul Ball, location: 3F
0-2: Ball
1-2: Foul Ball, location: 5FF
1-2: Ground out 4-3 (Groundball, 4, EV 84.4 MPH)
Bottom of the 4th over - 0 runs, 0 hits, 0 errors, 0 left on base; Richmond 2 - Hartford 2
TOP OF THE 5TH
Richmond Flying Squirrels batting - Pitching for Hartford Yard Goats : RHP Edgar Colorado
Batting: RHB Luis Henad 0-0: Fly out, F9 (Flyball, 9D, EV 90.6 MPH)
Batting: RHB Kevin Berry 0-0: SINGLE (Groundball, 3D, EV 105.6 MPH)
Batting: SHB Paul DiPietro 0-0: Called Strike
0-1: Foul Ball, location: 2F
0-2: Ball
1-2: Strikes out looking
Batting: LHB Bill Curtis 0-0: Ball
1-0: SINGLE (Flyball, 6D, EV 86.3 MPH)
Kevin Berry to second
Batting: RHB Nawaf Shafeeq 0-0: SINGLE (Groundball, 6M, EV 101.3 MPH)
Kevin Berry to third
Bill Curtis to second
Runner from 3rd tries for Home, SAFE, throw by CF to home
Batting: RHB Craig Knopp 0-0: Called Strike
0-1: Ball
1-1: Ball
2-1: Swinging Strike
2-2: Strikes out swinging
Top of the 5th over - 1 run, 3 hits, 0 errors, 2 left on base; Richmond 3 - Hartford 2
BOTTOM OF THE 5TH
Hartford Yard Goats batting - Pitching for Richmond Flying Squirrels : RHP Franklin Diaz
Batting: RHB Lamberto Maresca 0-0: Ball
1-0: Foul Ball, location: 3SF
1-1: Foul Ball, location: 2RF
1-2: Strikes out swinging
Batting: LHB Jim Kuttler 0-0: Ball
1-0: Foul Ball, location: 2F
1-1: SINGLE (Groundball, 34D, EV 93.8 MPH)
Batting: LHB Steve Warriner 0-0: Ball
1-0: Called Strike
1-1: Foul Ball, location: 2F
1-2: Foul Ball, location: 3SF
1-2: SINGLE (Line Drive, 56, EV 93.8 MPH)
Jim Kuttler to second
Batting: LHB Jake Everett 0-0: Swinging Strike
0-1: Ball
1-1: Foul Ball, location: 25F
1-2: Ball
2-2: Ball
3-2: Fly out, F9 (Flyball, 9, EV 91.9 MPH)
Pitching: RHP Bryan Babiarz
Batting: LHB Ivan Alcantar 0-0: Called Strike
0-1: Ball
1-1: Swinging Strike
1-2: Ball
2-2: Ball
3-2: Foul Ball, location: 3F
3-2: Fly out, F8 (Flyball, 89M, EV 98.1 MPH)
Bottom of the 5th over - 0 runs, 2 hits, 0 errors, 2 left on base; Richmond 3 - Hartford 2
TOP OF THE 6TH
Richmond Flying Squirrels batting - Pitching for Hartford Yard Goats : RHP Edgar Colorado
Batting: LHB Josh Layne 0-0: Ball
1-0: Foul Ball, location: 25F
1-1: Swinging Strike
1-2: Ball
2-2: Foul Ball, location: 9LSF
2-2: Foul Ball, location: 2F
2-2: Fly out, F7 (Flyball, 7, EV 91.3 MPH)
Batting: LHB Eric Binder 0-0: Ball
1-0: Called Strike
1-1: SINGLE (Groundball, 6MD, EV 97.5 MPH)
Batting: RHB Carlos Rodriguez 0-0: Called Strike
0-1: TRIPLE (Flyball, 9LD, EV 93.1 MPH)
Eric Binder scores
Batting: RHB Luis Henad 0-0: Called Strike
0-1: Ball
1-1: Foul Ball, location: 5SF
1-2: Fly out, F9 (Flyball, 9, EV 85.6 MPH)
Runner from 3rd tags up, SCORES, throw by RF
Batting: RHB Kevin Berry 0-0: Called Strike
0-1: SINGLE (Groundball, 6MD, EV 105.6 MPH)
Batting: SHB Paul DiPietro 0-0: Called Strike
0-1: Foul Ball, location: 5F
0-2: Ball
1-2: Ball
2-2: Ball
3-2: Foul Ball, location: 3F
3-2: Base on Balls
Kevin Berry to second
Batting: LHB Bill Curtis 0-0: Ball
1-0: Ball
2-0: Ball
3-0: Called Strike
3-1: Fly out, F8 (Line Drive, 8LM, EV 93.1 MPH)
Top of the 6th over - 2 runs, 3 hits, 0 errors, 2 left on base; Richmond 5 - Hartford 2
BOTTOM OF THE 6TH
Hartford Yard Goats batting - Pitching for Richmond Flying Squirrels : RHP Bryan Babiarz
Batting: RHB Brenden Oxton 0-0: Called Strike
0-1: Swinging Strike
0-2: Ball
1-2: Strikes out swinging
Batting: RHB Mark Bevan 0-0: Called Strike
0-1: Foul Ball, location: 2F
0-2: Ball
1-2: Ball
2-2: Fly out, F2 (Popup, 13S, EV 90.0 MPH)
Batting: RHB Arturo Valencia 0-0: Ball
1-0: Foul Ball, location: 9LMF
1-1: Ball
2-1: Foul Ball, location: 9LSF
2-2: Strikes out swinging
Bottom of the 6th over - 0 runs, 0 hits, 0 errors, 0 left on base; Richmond 5 - Hartford 2
TOP OF THE 7TH
Richmond Flying Squirrels batting - Pitching for Hartford Yard Goats : RHP Edgar Colorado
Batting: RHB Nawaf Shafeeq 0-0: Called Strike
0-1: Ball
1-1: Ball
2-1: Swinging Strike
2-2: Ball
3-2: Foul Ball, location: 9LDF
3-2: SINGLE (Line Drive, 3D, EV 100.0 MPH)
Batting: RHB Craig Knopp 0-0: Foul Ball, location: 5FF
0-1: Fielders Choice at 2nd, 6-4 (Groundball, 6, EV 88.8 MPH)
Batting: LHB Josh Layne 0-0: Called Strike
0-1: Ball
1-1: Foul Ball, location: 9LMF
1-2: Strikes out swinging
Batting: LHB Eric Binder 0-0: Foul Ball, location: 23FF
0-1: Called Strike
0-2: Ball
1-2: 2-RUN HOME RUN (Flyball, 9D, EV 95.0 MPH), Distance : 382 ft
Pitching: RHP Miguel Murillo
Batting: RHB Carlos Rodriguez 0-0: Ball
1-0: Ground out 1-3 (Groundball, 13S, EV 68.8 MPH)
Top of the 7th over - 2 runs, 2 hits, 0 errors, 0 left on base; Richmond 7 - Hartford 2
BOTTOM OF THE 7TH
Hartford Yard Goats batting - Pitching for Richmond Flying Squirrels : RHP Bryan Babiarz
Batting: SHB Jason Robbins 0-0: Called Strike
0-1: Swinging Strike
0-2: Strikes out swinging
Batting: RHB Lamberto Maresca 0-0: Ball
1-0: Called Strike
1-1: Swinging Strike
1-2: Foul Ball, location: 5SF
1-2: Ball
2-2: Ball
3-2: Strikes out looking
Batting: LHB Jim Kuttler 0-0: Ball
1-0: Foul Ball, location: 7LSF
1-1: Foul Ball, location: 7LMF
1-2: Foul Ball, location: 9LSF
1-2: Foul Ball, location: 2F
1-2: Foul Ball, location: 23F
1-2: SOLO HOME RUN (Flyball, 9D, EV 98.1 MPH), Distance : 384 ft
Batting: LHB Steve Warriner 0-0: Ball
1-0: Swinging Strike
1-1: Swinging Strike
1-2: Ball
2-2: Ground out 5-3 (Groundball, 5, EV 110.6 MPH)
Bottom of the 7th over - 1 run, 1 hit, 0 errors, 0 left on base; Richmond 7 - Hartford 3
TOP OF THE 8TH
Richmond Flying Squirrels batting - Pitching for Hartford Yard Goats : RHP Miguel Murillo
Batting: RHB Luis Henad 0-0: Foul Ball, location: 9LDF
0-1: Ball
1-1: Ball
2-1: Foul Ball, location: 2F
2-2: SINGLE (Groundball, 6MD, EV 81.3 MPH)
Batting: RHB Kevin Berry 0-0: Ball
1-0: Ball
2-0: Ball
3-0: Called Strike
3-1: Fly out, F6 (Popup, 6MD, EV 47.5 MPH)
Batting: SHB Paul DiPietro 0-0: Swinging Strike
0-1: Grounds into double play, 4-6-3 (Groundball, 4, EV 87.5 MPH)
Top of the 8th over - 0 runs, 1 hit, 0 errors, 0 left on base; Richmond 7 - Hartford 3
BOTTOM OF THE 8TH
Hartford Yard Goats batting - Pitching for Richmond Flying Squirrels : RHP Bryan Babiarz
Batting: LHB Jake Everett 0-0: Foul Ball, location: 23F
0-1: Ball
1-1: Ball
2-1: Foul Ball, location: 7LMF
2-2: Ball
3-2: Strikes out swinging
Batting: LHB Ivan Alcantar 0-0: Ball
1-0: Foul Ball, location: 2F
1-1: Called Strike
1-2: Ball
2-2: Ball
3-2: Base on Balls
Batting: RHB Brenden Oxton 0-0: Ball
1-0: Foul Ball, location: 2F
1-1: Ball
2-1: Swinging Strike
2-2: Strikes out looking
Batting: RHB Mark Bevan 0-0: Foul Ball, location: 2F
0-1: Called Strike
0-2: Ball
1-2: Strikes out swinging
Bottom of the 8th over - 0 runs, 0 hits, 0 errors, 1 left on base; Richmond 7 - Hartford 3
TOP OF THE 9TH
Richmond Flying Squirrels batting - Pitching for Hartford Yard Goats : RHP Miguel Murillo
Batting: LHB Bill Curtis 0-0: Ball
1-0: Swinging Strike
1-1: Ground out 6-3 (Groundball, 6, EV 107.5 MPH)
Batting: RHB Nawaf Shafeeq 0-0: Called Strike
0-1: Ball
1-1: Fly out, F9 (Flyball, 9D, EV 107.5 MPH)
Batting: RHB Craig Knopp 0-0: Called Strike
0-1: Ball
1-1: Called Strike
1-2: Ground out 6-3 (Groundball, 6, EV 86.3 MPH)
Top of the 9th over - 0 runs, 0 hits, 0 errors, 0 left on base; Richmond 7 - Hartford 3
BOTTOM OF THE 9TH
Hartford Yard Goats batting - Pitching for Richmond Flying Squirrels : RHP Bryan Babiarz
Pitching: RHP Jules Hickman
Batting: RHB Arturo Valencia 0-0: Ball
1-0: Ball
2-0: SINGLE (Line Drive, 7LS, EV 105.6 MPH)
Batting: SHB Jason Robbins 0-0: Called Strike
0-1: Ball
1-1: Called Strike
1-2: Foul Ball, location: 23F
1-2: Foul Ball, location: 7LSF
1-2: Fly out, F9 (Flyball, 9LM, EV 105.0 MPH)
Pinch Hitting: LHB Gabe Nino 0-0: Ball
1-0: Foul Ball, location: 25F
1-1: Fly out, F9 (Line Drive, 89M, EV 98.1 MPH)
Batting: LHB Jim Kuttler 0-0: Foul Ball, location: 2F
0-1: Ball
1-1: Ground out U3 (Groundball, 3L, EV 100.6 MPH)
Bottom of the 9th over - 0 runs, 1 hit, 0 errors, 1 left on base; Richmond 7 - Hartford 3
Sunday, May 5th , 2024 - OOTP Baseball 24.11 Build 85